 Dungeon Crawl Stone Soup version 0.31-a0-210-gccc998df9b (webtiles) character file.

Game seed: 9281341102616881523

47 qw the Chopper (level 3, -1/23 HPs)
             Began as a Gargoyle Fighter on June 29, 2023.
             Slain by a gnoll
             ... wielding a +0 spear
              (3 damage)
             ... on level 2 of the Dungeon.
             The game lasted 00:00:29 (988 turns).

qw the Chopper (Gargoyle Fighter)                    Turns: 988, Time: 00:00:29

Health: -1/23      AC: 11    Str: 21    XL:     3   Next: 70%
Magic:  3/3        EV:  9    Int:  8    God:
Gold:   10         SH:  4    Dex:  9    Spells: 2/2 levels left

rFire   . . .        Y - +0 war axe
rCold   . . .        c - +0 buckler
rNeg    + . .        b - +0 scale mail
rPois   inf          h - +0 helmet
rElec   +            (no cloak)
rCorr   .            (no gloves)
SInv    .            (no boots)
Will    .....        (no amulet) Stlth
                     (no ring)
HPRegen 0.23/turn    (no ring)
MPRegen 0.08/turn

%: no passive effects
@: no status effects
A: sickness immunity, AC +3, negative energy resistance 1, electricity
resistance, torment resistance 1, petrification resistance
a: no special abilities


You were on level 2 of the Dungeon.
You visited 1 branch of the dungeon, and saw 2 of its levels.

You collected 10 gold pieces.


Innate Abilities, Weirdness & Mutations

You are immune to sickness and miasma.
Your stone body is resilient. (AC +3)
You are immune to poison.
You resist negative energy. (rN+)
You are resistant to electric shocks. (rElec)
You are resistant to unholy torment.
You are immune to petrification.


   Skills:
 - Level 3.2 Fighting
 + Level 3.6 Axes
 - Level 3.2 Armour
 - Level 3.2 Shields


You had 2 spell levels left.
You didn't know any spells.
Your spell library was empty.

Inventory:

Hand Weapons
 j - a +0 club
 Y - a +0 war axe (weapon)
Armour
 b - a +0 scale mail (worn)
 c - a +0 buckler (worn)
 h - a +0 helmet (worn)
Potions
 d - a potion of might
 e - a potion of lignification {unknown}
 l - a potion of brilliance {unknown}

Dungeon Overview and Level Annotations

Branches:
Dungeon (2/15)

Altars:


Message History

The ball python bites you but does no damage.
The ball python grabs you. The ball python constricts you.
A rat comes into view.
You hit the ball python.
You kill the ball python!
The gnoll hits you but does no damage.
You barely miss the goblin. The gnoll hits you but does no damage.
A goblin comes into view. It is wielding a +0 dagger.
The goblin hits you with a +0 dagger. The goblin hits you but does no damage.
The gnoll hits you but does no damage.
You barely miss the goblin. The goblin hits you with a +0 dagger.
The gnoll hits you but does no damage.
You slash the gnoll!
The gnoll is severely wounded.
You hit the goblin.
You kill the goblin!
The gnoll hits you from afar with a +0 spear.
You barely miss the gnoll.
The gnoll is severely wounded.
You hit the orc. The gnoll closely misses you. The gnoll completely misses you.
The gnoll barely misses you. The orc hits you but does no damage.
The gnoll closely misses you. The gnoll barely misses you.
The orc hits you with a +0 short sword. The gnoll closely misses you.
You slash the gnoll!
You kill the gnoll!
You slash the orc!
You kill the orc!
The gnoll barely misses you.
The gnoll hits you from afar with a +0 halberd!
You hit the goblin.
You kill the goblin!
You block the gnoll's attack.
The gnoll hits you from afar with a +0 halberd.
The gnoll closely misses you. The gnoll barely misses you.
The gnoll hits you with a +0 halberd. The gnoll completely misses you.
You barely miss the gnoll. x2
The gnoll hits you with a +0 spear.
You die...

#.####.# #.# #.#
#<# #.# #.# #.#
#.# #.# #.# #.#
#.# #.# ###
$..####.###.....
......).@gr.....
.......).g......
.#.###...##.....
# #.).# ....
..... ...
....### ##
#....+ ###..#


You could see 2 gnolls and a rat.

Vanquished Creatures
  2 gnolls
  2 dart slugs (D:1)
  An orc (D:2)
  A bat (D:1)
  2 giant cockroaches
  6 goblins
  A hobgoblin (D:1)
  A quokka (D:1)
  2 ball pythons
  2 frilled lizards (D:1)
  A kobold (D:1)
  4 rats
25 creatures vanquished.

Notes
Turn   | Place    | Note
-------+----------+-------------------------------------------
     0 | D:1      | qw the Gargoyle Fighter began the quest for the Orb.
     0 | D:1      | Reached XP level 1. HP: 14/14 MP: 1/1
     0 | D:1      | 0 ||| qw: Version: 0.3-a-24-ga2abf7b
     0 | D:1      | 0 ||| qw: Game counter: 6796
     0 | D:1      | 0 ||| qw: Melee chars always use a shield: true
     0 | D:1      | 0 ||| qw: God list: Okawaru
     0 | D:1      | 0 ||| qw: Allow faded altars: false
     0 | D:1      | 0 ||| qw: Do Orc after clearing Dungeon:15 true
     0 | D:1      | 0 ||| qw: Do second Lair branch before Depths: true
     0 | D:1      | 0 ||| qw: Lair rune preference: random
     0 | D:1      | 0 ||| qw: Goals: Normal, Zot:1-4, Slime:5, God:TSO, Crypt,
                  | Tomb, Abyss, Pan, Hells, Win
     0 | D:1      | 0 ||| PLANNING D:1-11
    49 | D:1      | 49 ||| Stepping ~*~*~tactically~*~*~ (hiding).
   216 | D:1      | Reached XP level 2. HP: 19/19 MP: 2/2
   244 | D:1      | 244 ||| Stepping ~*~*~tactically~*~*~ (stealth).
   247 | D:1      | 247 ||| Stepping ~*~*~tactically~*~*~ (hiding).
   715 | D:1      | Reached skill level 3 in Axes
   721 | D:1      | 721 ||| Stepping ~*~*~tactically~*~*~ (hiding).
   730 | D:1      | HP: 4/19 [gnoll/+0 spear (2)]
   733 | D:1      | Reached XP level 3. HP: 6/23 MP: 3/3
   910 | D:1      | 910 ||| UPGRADING to +0 helmet.
   915 | D:1      | 915 ||| READING scroll labelled AMNOPU UNEROUM.
   916 | D:1      | 916 ||| READING 3 scrolls labelled COCWIA OLAXI.
   917 | D:1      | 917 ||| READING scroll labelled GOWOEPEI FASISIMP.
   918 | D:1      | 918 ||| READING scroll labelled PIGIRO QIRAUZE.
   919 | D:1      | 919 ||| READING scroll labelled CILIPR DUTZINN.
   920 | D:1      | 920 ||| DROPPING 2 scrolls of amnesia.
   976 | D:2      | 976 ||| Stepping ~*~*~tactically~*~*~ (hiding).
   986 | D:2      | HP: 5/23 [gnoll/+0 halberd (4)]
   987 | D:2      | HP: 1/23 [gnoll/+0 halberd (4)]
   988 | D:2      | Slain by a gnoll

Levels and vault maps discovered:
D:1:      minmay_arrival_pointy, layout_basic, st_stairs_3, interstate_on_off
D:2:      cheibrodos_fertilizer, layout_loops_ring, serial_shops,
          nicolae_shop_overgrown_old_shop, nicolae_shop_hallway_stairs

Skill      XL: |  1  2 |
---------------+-------+-----
Axes           | 2 3 |  3.6
Fighting       | |  3.2
Armour         | |  3.2
Shields        | |  3.2

Action                     || total
---------------------------++-------
  Melee: War axe           ||    64
    Use: Scroll            ||     5
 Armour: Scale mail        ||    29
  Dodge: Dodged            ||    31
  Block: Buckler           ||    11

Table legend:
 A = Non-vault XP
 B = Vault XP
 C = Vault XP percentage of total XP
 D = Non-vault monster count
 E = Vault monster count
 F = Vault count percentage of total count
                 A         B        C        D         E       F
            +---------+---------+-------+---------+---------+-------
      Total |      63 |       5 |   7.4 |      22 |       3 |  12.0
            +---------+---------+-------+---------+---------+-------
        D:1 |      39 |       5 |  11.4 |      15 |       3 |  16.7
        D:2 |      24 |       0 |   0.0 |       7 |       0 |   0.0
            +---------+---------+-------+---------+---------+-------
